Map: Frozen Temple

Players

Matiz

  • Race: Zerg Zerg
  • League: Grandmaster

Miszu - Winner!

  • Race: Terran Terran
  • League: Master

VOD

Have the link to the VOD?

Description

Time

  • Played on: July 4, 2016, 5:12 p.m.
  • Length: 11:46
Show
View Real Time Build Order
Export as new Build Order

Matiz Zerg 

Build Orders: Hatch First 

Get SALT Encoding   

  12  0:01  Drone  
  13  0:12  Overlord  
  13  0:17  Drone  
  14  0:23  Extractor  
  14  0:24  Drone  
  15  0:31  Drone  
  17  0:35  Drone  
  17  0:52  Hatchery  
  17  0:56  Drone  
  17  0:58  Drone  
  18  1:11  Spawning Pool  
  18  1:14  Drone  
  18  1:33  Hatchery  
  18  1:38  Drone  
  18  1:40  Drone  
  18  1:44  Drone  
  20  1:58  Queen  
  22  2:04  Queen  
  22  2:05  Zergling x2  
  22  2:07  Zergling x2  
  26  2:10  Zergling x2  
  27  2:15  Overlord  
  27  2:20  Drone  
  28  2:28  Extractor, Drone  
  28  2:32  Drone, Spore Crawler  
  28  2:34  Drone  
  30  2:41  Queen  
  30  2:43  Queen  
  35  2:54  Drone x3  
  35  2:55  Drone  
  38  3:01  Overlord  
  38  3:03  Extractor  
  38  3:04  Extractor  
  36  3:06  Drone  
  36  3:11  Drone x2  
  36  3:12  Drone  
  39  3:15  Drone  
  40  3:23  Drone x3  
  40  3:26  Drone  
  43  3:27  Drone  
  44  3:34  Drone x3  
  44  3:38  Overlord  
  47  3:45  Drone x3  
  50  3:51  Overlord  
  50  3:58  Drone x2  
  50  4:00  Roach Warren, Drone  
  50  4:02  Drone  
  53  4:08  Overlord  
  53  4:09  Drone x2  
  55  4:10  Drone  
  55  4:14  Drone x2  
  55  4:15  Drone  
  55  4:16  Drone  
  60  4:21  Overlord  
  60  4:26  Overlord  
  59  4:33  Drone  
  59  4:35  Queen  
  59  4:36  Overlord  
  62  4:42  Drone x2  
  62  4:44  Roach x5  
  74  4:48  Roach x2  
  78  4:53  Roach  
  78  4:54  Roach, Spore Crawler  
  81  5:05  Roach x2  
  81  5:06  Roach x3  
  89  5:11  Drone x2  
  88  5:14  Overlord  
  88  5:34  Lair  
  88  5:35  Metabolic Boost  
  88  5:36  Drone x2, Spore Crawler  
  88  5:38  Evolution Chamber  
  88  5:39  Drone x3  
  88  5:41  Evolution Chamber  
  88  5:43  Drone  
  89  5:50  Overlord x2  
  85  6:06  Spore Crawler  
  85  6:07  Drone x5  
  85  6:08  Ravager  
  85  6:09  Ravager x2  
  90  6:13  Drone x3  
  90  6:16  Drone  
  88  6:19  Drone x4  
  88  6:24  Drone x2  
  92  6:26  Drone  
  92  6:36  Drone x3  
  92  6:37  Drone x2  
  92  6:39  Drone  
  91  6:41  Zerg Melee Weapons Level 1  
  91  6:45  Extractor x2  
  91  6:46  Extractor  
  88  6:47  Extractor  
  87  6:55  Queen, Drone  
  87  6:57  Glial Reconstitution  
  87  6:59  Drone x2  
  87  7:00  Drone x2  
  94  7:10  Hatchery  
  94  7:12  Drone x2  
  94  7:13  Drone x2  
  94  7:14  Baneling Nest  
  96  7:18  Drone x3  
  96  7:22  Zerg Ground Armor Level 1  
  99  7:23  Drone x2  
  99  7:25  Drone x3  
  99  7:26  Drone  
  105  7:31  Overlord x2  
  105  7:42  Infestation Pit  
  104  7:44  Overlord  
  104  7:45  Overlord  
  104  7:48  Zergling x2  
  104  7:49  Overlord x2  
  105  8:01  Centrifical Hooks  
  105  8:05  Overlord, Drone x3  
  108  8:06  Overlord  
  108  8:07  Zergling x6, Roach x4  
  108  8:08  Zergling x2  
  118  8:15  Spore Crawler  
  118  8:17  Queen  
  119  8:20  Spore Crawler, Overseer  
  119  8:24  Hive  
  119  8:25  Infestor x2  
  122  8:27  Infestor  
  124  8:35  Zergling x16  
  124  8:40  Overlord  
  132  8:44  Baneling x2  
  132  8:52  Zergling x6, Roach x2  
  132  8:53  Zergling x2, Roach x4  
  148  8:55  Zerg Melee Weapons Level 2  
  147  9:03  Baneling x2  
  147  9:09  Extractor x2  
  145  9:16  Zergling x14  
  145  9:17  Zergling x18  
  156  9:23  Baneling x2  
  156  9:24  Baneling x13  
  156  9:25  Zergling x2  
  156  9:29  Zergling x8  
  161  9:38  Zergling x8  
  154  9:56  Zergling x22  
  161  10:01  Adrenal Glands  
  161  10:03  Ultralisk Cavern  
  160  10:09  Queen  
  160  10:11  Overlord  
  158  10:22  Zergling x2  
  158  10:23  Zergling x14  
  158  10:25  Baneling x4  
  158  10:26  Baneling x2  
  158  10:27  Baneling  
  157  10:46  Zergling x2  
  157  10:47  Zergling x22  
  102  11:18  Drone x2  
  111  11:29  Drone x5  
Show
View Real Time Build Order
Export as new Build Order

Miszu Terran - Winner!

Build Orders: Reaper Expand, MMM Bio 

Get SALT Encoding   

  12  0:00  SCV  
  13  0:13  SCV  
  14  0:17  Supply Depot  
  14  0:25  SCV  
  15  0:39  SCV  
  15  0:40  Barracks  
  16  0:44  Refinery  
  16  0:51  SCV  
  17  1:03  SCV  
  18  1:15  SCV  
  19  1:27  Orbital Command  
  19  1:28  Reaper  
  20  1:39  Command Center  
  20  1:48  Supply Depot  
  20  1:53  SCV  
  21  1:57  Refinery  
  21  2:00  Barracks Reactor  
  21  2:05  SCV  
  22  2:18  SCV  
  22  2:22  Factory  
  23  2:33  SCV  
  23  2:36  Marine x2  
  26  2:45  SCV  
  27  2:54  Marine x2  
  30  3:00  Orbital Command  
  30  3:03  SCV  
  30  3:05  Supply Depot  
  30  3:12  Marine x2  
  32  3:14  Factory Reactor  
  32  3:15  Starport  
  32  3:21  SCV  
  32  3:26  SCV  
  33  3:30  Marine x2  
  33  3:34  SCV  
  36  3:38  SCV  
  37  3:46  SCV  
  38  3:50  SCV  
  39  3:57  Medivac, Widow Mine  
  39  3:58  Medivac, SCV  
  39  4:02  SCV  
  47  4:06  Command Center  
  47  4:10  Supply Depot, SCV  
  47  4:14  SCV  
  49  4:17  Refinery  
  49  4:19  Marine x2, Refinery  
  49  4:20  Liberator x2  
  49  4:22  SCV  
  52  4:26  SCV  
  53  4:33  Supply Depot  
  53  4:34  Factory Tech Lab, SCV  
  60  4:39  SCV  
  61  4:47  SCV  
  62  4:54  SCV  
  62  4:59  SCV  
  64  5:01  Marine x2  
  64  5:07  SCV  
  67  5:12  Siege Tank  
  70  5:18  SCV, Orbital Command  
  70  5:19  Marine x2, SCV  
  74  5:30  SCV  
  74  5:33  SCV  
  75  5:40  Engineering Bay, Marine x2, Barracks  
  75  5:42  Barracks, SCV  
  78  5:43  Barracks  
  78  5:44  Siege Tank  
  78  5:45  SCV  
  82  5:57  SCV  
  82  5:59  Marine  
  85  6:04  Barracks  
  85  6:05  Barracks  
  85  6:07  SCV  
  85  6:09  Orbital Command  
  85  6:12  Supply Depot  
  85  6:13  Supply Depot  
  85  6:14  Supply Depot  
  85  6:23  Siege Tank  
  85  6:30  Engineering Bay, Barracks Tech Lab x2  
  85  6:33  Marine x2, Medivac x2, SCV x2  
  85  6:34  Terran Infantry Weapons Level 1  
  85  6:35  SCV  
  85  6:38  Barracks Reactor  
  91  6:45  SCV x2  
  93  6:47  SCV  
  93  6:50  Stimpack, Combat Shields  
  93  6:51  Marine x2  
  93  6:53  Barracks Reactor x2  
  94  6:55  Siege Tank  
  94  6:58  SCV x2  
  94  6:59  Terran Infantry Armor Level 1  
  99  7:02  Armory  
  99  7:05  Marauder  
  101  7:09  Marine x2  
  101  7:14  Marine, Marauder  
  106  7:18  SCV x3  
  109  7:26  Marine  
  109  7:27  Marine  
  109  7:28  Supply Depot, Marine x3  
  109  7:29  Supply Depot x2, Siege Tank  
  117  7:36  Refinery  
  117  7:37  Refinery  
  117  7:49  Marine x6, Marauder  
  117  7:50  Marine x2, Medivac  
  117  7:51  Marauder  
  131  7:55  Supply Depot x3  
  131  8:00  Medivac  
  133  8:07  Marine x6  
  133  8:08  Marine x2  
  141  8:16  Marine  
  141  8:17  Marine  
  141  8:18  Siege Tank  
  146  8:20  Supply Depot  
  146  8:21  Supply Depot  
  146  8:22  Supply Depot  
  146  8:24  Barracks  
  146  8:25  Marine x2, Barracks  
  146  8:26  Marine x4  
  151  8:37  Marine x3  
  151  8:38  Terran Infantry Weapons Level 2  
  153  8:45  Liberator x2  
  153  8:47  SCV x3  
  156  8:50  Cyclone  
  160  8:59  SCV x3  
  160  9:01  Marine  
  160  9:02  Marine  
  165  9:03  Terran Infantry Armor Level 2  
  165  9:08  Barracks  
  171  9:11  SCV  
  168  9:28  Liberator  
  168  9:32  Marine x4, Marauder x2  
  168  9:36  Barracks Tech Lab, Command Center  
  177  9:53  Marauder x2  
  177  9:58  SCV  
  181  10:03  Marauder  
  183  10:15  Marauder x2  
  183  10:20  Marine  
  183  10:21  Marine, Liberator  
  183  10:22  Marine x8, Liberator  
  183  10:25  Marauder  
  179  10:36  Marine, Marauder  
  179  10:38  Marine  
  189  10:44  Marine x7  
  189  10:47  Marauder  
  189  10:48  Marine x2  
  172  10:54  Marauder  
  172  10:56  Marine  
  152  10:57  Marine  
  152  11:02  Marine x7  
  154  11:05  Marine x2, Siege Tank  
  154  11:08  Marauder  
  159  11:14  Marine  
  159  11:15  Marine x2  
  159  11:19  Marine x3  
  159  11:20  Marine x3  
  159  11:23  Marine x2  
  159  11:24  Barracks Tech Lab  
Tags
 
Add a new tag
Caveats
  • Supply blocks, unpowered buildings, or Contaminate may cause inaccurate times.
  • Supply counts are checked every 10 seconds.